 Dungeon Crawl Stone Soup version 0.23.2-33-g5129a83184 (webtiles) character file.

Game seed: 9888641514283786980

3276 Felnil the Protected (level 9, -2/90 HPs)
             Began as a Minotaur Fighter on Aug 9, 2019.
             Was a Priest of Qazlal.
             Slain by an eight-headed hydra (11 damage)
             ... on level 7 of the Dungeon.
             The game lasted 00:29:16 (7085 turns).

Felnil the Protected (Minotaur Fighter)             Turns: 7085, Time: 00:29:16

Health: -2/90      AC:  6    Str: 33    XL:     9   Next: 68%
Magic:  0/8        EV:  6    Int: 12    God:    Qazlal [***...]
Gold:   298        SH: 20    Dex:  6    Spells: 8/8 levels left

rFire    . . .     SeeInvis .   a - +0 war axe
rCold    . . .     Gourm    .   z - +0 large shield
rNeg     . . .     Faith    .   c - +2 leather armour "Zohulil" {*Contam Str+10 Int+7 Dex-5}
rPois    +         Spirit   +   (helmet restricted)
rElec    .         Reflect  .   (no cloak)
rCorr    .         Harm     .   (no gloves)
MR       .....                  (no boots)
Stlth    +.........             y - amulet of guardian spirit
HPRegen  0.25/turn              s - ring of poison resistance
MPRegen  0.11/turn              (no ring)

@: no status effects
A: retaliatory headbutt, horns 2
a: Upheaval, Elemental Force, Renounce Religion


You were on level 7 of the Dungeon.
You worshipped Qazlal.
Qazlal was most pleased with you.
You were hungry.

You visited 1 branch of the dungeon, and saw 7 of its levels.
You also visited: Ossuary.

You collected 298 gold pieces.

Inventory:

Hand Weapons
 a - a +0 war axe (weapon)
 e - a +4 dagger of speed
 p - a +1 falchion of holy wrath
 q - a +2 quarterstaff of chaos
Armour
 c - the +2 leather armour "Zohulil" (worn) {*Contam Str+10 Int+7 Dex-5}
   (You found it on level 5 of the Dungeon)

   It affects your strength (+10).
   It affects your intelligence (+7).
   It affects your dexterity (-5).
   It causes magical contamination when unequipped.
 j - a +0 ring mail of fire resistance
 k - a +0 plate armour
 z - a +0 large shield (worn)
 C - a +0 leather armour of fire resistance
Jewellery
 s - a ring of poison resistance (left hand)
 y - an amulet of guardian spirit (around neck)
Wands
 i - a wand of enslavement (9)
 B - a wand of digging (3)
 D - a wand of flame (37)
Scrolls
 g - 4 scrolls of remove curse
 n - a scroll of amnesia
Potions
 b - 3 potions of curing
 d - 5 potions of might
 l - 2 potions of lignification
 m - a potion of agility
 o - a potion of heal wounds
 r - 2 potions of mutation
 t - a potion of haste
 u - 4 potions of flight
 v - 2 potions of brilliance
 w - a potion of ambrosia
 x - a potion of invisibility
 A - a potion of berserk rage {unknown}
Comestibles
 f - 11 rations


   Skills:
 + Level 11.9 Fighting
 - Level 2.4 Axes
 + Level 11.9 Armour
 - Level 3.6 Shields


You had 8 spell levels left.
You didn't know any spells.
Your spell library contained the following spells:

 Spells                   Type           Power        Failure   Level  Hunger
 Summon Small Mammal      Summ           #...         99%         1    ##.....
 Call Imp                 Summ           #.......     100%        2    ###....
 Call Canine Familiar     Summ           #.......     100%        3    ####...
 Summon Guardian Golem    Hex/Summ       #.......     100%        3    ####...
 Summon Ice Beast         Ice/Summ       #.......     100%        4    #####..
 Summon Lightning Spire   Summ/Air       #.......     100%        4    #####..


Dungeon Overview and Level Annotations

Branches:
Dungeon (7/15)             Temple (0/1) D:7

Altars:
Dithmenos
Fedhas
Hepliaklqana
Qazlal
Trog
Uskayaw

Shops:
D:5 !

Annotations:
D:5 Prince Ribbit


Innate Abilities, Weirdness & Mutations

You reflexively headbutt those who attack you in melee.
You have a pair of horns on your head.


Message History

You feel much better.
The eight-headed hydra bites you but does no damage.
You block the eight-headed hydra's attack.
The eight-headed hydra bites you!
The eight-headed hydra closely misses you.
You block the eight-headed hydra's attack. x2
The eight-headed hydra bites you! x2
* * * LOW HITPOINT WARNING * * *
You are feeling hungry.
The eight-headed hydra is engulfed in blazing flames.
You block the eight-headed hydra's attack.
The eight-headed hydra bites you.
* * * LOW HITPOINT WARNING * * *
You block the eight-headed hydra's attack.
The eight-headed hydra closely misses you.
You block the eight-headed hydra's attack.
The eight-headed hydra bites you!
* * * LOW HITPOINT WARNING * * *
The eight-headed hydra bites you!
You die...

###### #..##..#..##..###### ##..
#....####..#..##...#...##..# #...
...........#..#....##..##..###.##
#)##.###......#..#..#.....#..)...
#.##.# #...#..##....#..###.)##...
))...# #...#...#...##..# #..##...
#.#..###...##..##°.#..#########..
#.#....#....##..#D##.##.......##.
#'#+##.#.....##.@.#.##......[..##
.......#.#....#######....###....#
.....<.#.##.............## ##....
.....###.###...........## ##...
.......#.# #####..###### ####
.......#.# #..# .......#.# #..#
###....#.# #..#
.#####.#.#######..#


You could see an eight-headed hydra.

Vanquished Creatures
  Grinder (D:3)
  2 hungry ghosts (D:7)
  Edmund (D:4)
  Menkaure (D:6)
  A water moccasin (D:7)
  Duvessa (D:5)
  An orc warrior (D:6)
  An ice beast (D:6)
  A sky beast (D:7)
  A necrophage (D:5)
  2 ogres
  2 centaurs
  A big kobold (D:7)
  A bullfrog (D:6)
  A water moccasin zombie (D:6)
  Dowan (D:5)
  2 scorpions
  A killer bee (D:6)
  A wight (D:7)
  2 howler monkeys
  3 crimson imps
  A bullfrog zombie (D:6)
  A jelly (D:6)
  2 quasits
  Crazy Yiuf (D:2)
  2 centaur zombies (Ossuary)
  A bullfrog skeleton (D:4)
  A human zombie (Ossuary)
  2 orc priests
  3 hounds
  2 orc wizards
  An iguana (D:7)
  Ijyb (D:5)
  Terence (D:2)
  3 worker ants
  3 mummies (Ossuary)
  A hound zombie (D:7)
  A hound skeleton (D:7)
  8 gnolls
  12 adders
  A river rat (D:5)
  A shadow imp (D:7)
  2 adder skeletons
  2 worms (D:3)
  2 dart slugs (D:1)
  5 leopard geckos
  22 orcs
  4 ball pythons
  10 giant cockroaches
  A gnoll zombie (Ossuary)
  13 goblins
  6 hobgoblins
  12 jackals
  3 kobolds
  4 quokkas
  5 bats
  5 frilled lizards (D:2)
  A goblin zombie (Ossuary)
  A hobgoblin zombie (Ossuary)
  A jackal skeleton (D:7)
  A kobold zombie (Ossuary)
  A leopard gecko skeleton (D:6)
  An orc zombie (Ossuary)
  10 rats
  A bush (D:1)
  2 fungi (D:2)
  A plant (D:1)
193 creatures vanquished.

Notes
Turn   | Place    | Note
-------+----------+-------------------------------------------
     0 | D:1      | Felnil the Minotaur Fighter began the quest for the Orb.
     0 | D:1      | Reached XP level 1. HP: 19/19 MP: 0/0
   137 | D:1      | Reached XP level 2. HP: 22/27 MP: 1/1
   493 | D:1      | Reached XP level 3. HP: 32/34 MP: 2/2
  1012 | D:2      | Reached skill level 5 in Fighting
  1012 | D:2      | Reached skill level 5 in Armour
  1012 | D:2      | Reached XP level 4. HP: 36/42 MP: 3/3
  1021 | D:2      | Found a stormy altar of Qazlal.
  1027 | D:2      | Became a worshipper of Qazlal Stormbringer
  1134 | D:2      | Found a blossoming altar of Fedhas.
  1323 | D:2      | Noticed Terence
  1328 | D:2      | Killed Terence
  1328 | D:2      | Reached XP level 5. HP: 48/48 MP: 4/4
  1585 | D:2      | Found a runed translucent door.
  1586 | D:2      | Noticed Crazy Yiuf
  1596 | D:2      | Killed Crazy Yiuf
  1633 | D:3      | Noticed Grinder
  1638 | D:3      | Paralysed by Grinder for 4 turns
  1800 | D:3      | Paralysed by Grinder for 2 turns
  1813 | D:3      | Paralysed by Grinder for 3 turns
  2047 | D:3      | Killed Grinder
  2047 | D:3      | Reached XP level 6. HP: 34/58 MP: 5/5
  2272 | D:3      | Reached * piety under Qazlal
  2385 | D:4      | Found a sand-covered staircase.
  2390 | Ossuary  | Entered an ossuary
  2697 | Ossuary  | Reached XP level 7. HP: 66/66 MP: 6/6
  2882 | D:4      | Noticed Edmund
  2902 | D:4      | Killed Edmund
  3123 | D:4      | Reached ** piety under Qazlal
  3136 | D:4      | Found a shadowy altar of Dithmenos.
  3233 | D:4      | You fall through a shaft for 2 floors!
  3397 | D:6      | Reached XP level 8. HP: 54/75 MP: 7/7
  3424 | D:5      | Entered Level 5 of the Dungeon
  3442 | D:5      | Found Vunamp's Distillery.
  3618 | D:4      | Found a bloodstained altar of Trog.
  3834 | D:5      | Got a translucent leather armour
  3845 | D:5      | Identified the +2 leather armour "Zohulil" {*Contam Str+10
                  | Int+7 Dex-5} (You found it on level 5 of the Dungeon)
  4249 | D:5      | Noticed Ijyb
  4265 | D:5      | Killed Ijyb
  4295 | D:5      | Noticed Duvessa
  4296 | D:5      | Noticed Dowan
  4302 | D:5      | Killed Duvessa
  4318 | D:5      | Killed Dowan
  4367 | D:5      | Noticed Prince Ribbit
  4625 | D:6      | Reached skill level 10 in Fighting
  4625 | D:6      | Reached skill level 10 in Armour
  4791 | D:6      | Reached XP level 9. HP: 24/86 MP: 8/8
  5312 | D:6      | Noticed Menkaure
  5319 | D:6      | Killed Menkaure
  5792 | D:6      | Found a hazy altar of Hepliaklqana.
  5957 | D:7      | Reached *** piety under Qazlal
  6369 | D:7      | Noticed a two-headed ogre
  6388 | D:7      | Found a staircase to the Ecumenical Temple.
  6734 | D:7      | Found a hide-covered altar of Uskayaw.
  6735 | D:7      | Noticed a +0 hand axe
  6736 | D:7      | Noticed a +0 dagger
  7074 | D:7      | Noticed a seven-headed hydra
  7085 | D:7      | Slain by an eight-headed hydra

Skill      XL: |  1  2  3  4  5  6  7  8  9 |
---------------+----------------------------+-----
Fighting       | 4 5 6 7 8 10 11 | 11.9
Armour         | 4 5 6 7 8 10 11 | 11.9
Axes           | |  2.4
Shields        | |  3.6

Action                   |  1- 3 |  4- 6 |  7- 9 || total
-------------------------+-------+-------+-------++-------
Melee: War axe           |   153 |   169 |   359 ||   681
       Headbutt          |    38 |    27 |    78 ||   143
Evoke: Wand              |       |       |     1 ||     1
  Use: Scroll            |     6 |     3 |    19 ||    28
       Potion            |       |       |     7 ||     7
  Eat: Chunk             |     1 |     5 |    12 ||    18
       Ration            |       |       |     2 ||     2
Armor: Scale mail        |     6 |       |       ||     6
       Plate armour      |    89 |    81 |    62 ||   232
       Leather armour    |       |       |    66 ||    66
Dodge: Dodged            |    27 |    17 |    86 ||   130
Block: Shield            |    60 |    73 |    64 ||   197
       Large shield      |       |       |   362 ||   362
